 Dungeon Crawl Stone Soup version 0.31-a0-182-gc5ef74bbde (webtiles) character file.

Game seed: 18297498596615148833

730 qw the Chopper (level 7, -10/38 HPs)
             Began as a Gargoyle Fighter on June 20, 2023.
             Killed by divine providence
             ... invoked by an orc priest
              (15 damage)
             ... on level 5 of the Dungeon.
             The game lasted 00:01:35 (3012 turns).

qw the Chopper (Gargoyle Fighter)                   Turns: 3012, Time: 00:01:36

Health: -10/38     AC: 16    Str: 21    XL:     7   Next: 73%
Magic:  7/7        EV:  8    Int:  9    God:
Gold:   221        SH:  4    Dex:  9    Spells: 6/6 levels left

rFire   . . .        Y - +0 war axe
rCold   . . .        c - +0 buckler
rNeg    + . .        f - +0 chain mail
rPois   inf          b - +0 helmet
rElec   +            a - +0 cloak
rCorr   .            (no gloves)
SInv    .            (no boots)
Will    .....        (no amulet) Stlth
                     (no ring)
HPRegen 0.26/turn    (no ring)
MPRegen 0.10/turn

%: no passive effects
@: about to teleport
A: sickness immunity, AC +4, negative energy resistance 1, electricity
resistance, torment resistance 1, petrification resistance, frail 1, screaming 1
a: no special abilities


You were on level 5 of the Dungeon.
You visited 1 branch of the dungeon, and saw 5 of its levels.

You collected 221 gold pieces.


Innate Abilities, Weirdness & Mutations

You are immune to sickness and miasma.
Your stone body is resilient. (AC +4)
You are immune to poison.
You resist negative energy. (rN+)
You are resistant to electric shocks. (rElec)
You are resistant to unholy torment.
You are immune to petrification.
You are frail. (-10% HP)
You occasionally shout uncontrollably at your foes.


   Skills:
 - Level 4.1 Fighting
 + Level 6.7 Axes
 - Level 3.2 Armour
 - Level 2.7 Dodging
 - Level 3.2 Shields


You had 6 spell levels left.
You didn't know any spells.
Your spell library was empty.

Inventory:

Hand Weapons
 k - a +0 club
 Y - a +0 war axe (weapon)
Armour
 a - a +0 cloak (worn)
 b - a +0 helmet (worn)
 c - a +0 buckler (worn)
 f - a +0 chain mail (worn)
Scrolls
 g - a scroll of identify
 h - 2 scrolls of teleportation
 l - a scroll of fog {unknown}
Potions
 d - a potion of might
 e - a potion of ambrosia {unknown}
 i - a potion of curing {unknown}
 j - 2 potions of lignification

Dungeon Overview and Level Annotations

Branches:
Dungeon (5/15)
 Temple: D:4-7

Altars:
Fedhas
Makhleb
Nemelex Xobeh


Message History

The orc priest calls upon Beogh to heal the orc.
The orc's wounds heal themselves!
The phantom hits you but does no damage.
The orc hits you with a +2 heavy hand axe.
You barely miss the orc.
The orc is severely wounded.
You hit the phantom but do no damage. You slash the orc!
You kill the orc!
You hit the orc. x2
The orc hits you but does no damage. The orc misses you. The phantom hits you.
You hit the orc.
You kill the orc!
You hit the orc.
You kill the orc!
You hit the phantom. You hit the orc priest. You slash the orc!
You kill the orc!
The orc priest hits you but does no damage.
The phantom hits you but does no damage.
You hit the phantom.
The phantom is severely damaged.
You barely miss the orc priest.
The orc priest hits you with a +0 dagger.
The phantom hits you but does no damage.
The orc priest closely misses you. The phantom hits you.
The phantom blinks!
You blink.
3009 ||| READING 3 scrolls of teleportation.
As you read the scroll of teleportation, it crumbles to dust.
You feel strangely unstable.
The phantom hits you but does no damage.
You closely miss the phantom.
The phantom is severely damaged.
The phantom barely misses you.
You hit the phantom.
The phantom is almost destroyed.
The phantom hits you.
The phantom blinks!
You blink.
You miss the phantom.
The phantom is almost destroyed.
The orc priest calls down the wrath of Beogh upon you.
Beogh smites you!
You die...

##############
.#............#
.}.}........ยค.#
._...........##
}.}.....:o.....
#.#..........#.#
......)).>####.#
#W).#. # #.@.#.
#...#. #..!#
####...#
#......#
#.##...#
#.#..#.#
#.#..#.#
#.#..#.# ####


You could see a phantom and an orc priest.

Vanquished Creatures
  Grinder (D:4)
  A black bear (D:4)
  A centaur (D:4)
  3 scorpions
  2 hounds
  4 adders
  2 worms
  4 dart slugs
  7 orcs
  3 ball pythons
  3 bats (D:1)
  4 endoplasms
  2 giant cockroaches
  13 goblins
  8 hobgoblins
  2 quokkas
  6 frilled lizards
  4 kobolds
  4 rats
74 creatures vanquished.

Notes
Turn   | Place    | Note
-------+----------+-------------------------------------------
     0 | D:1      | qw the Gargoyle Fighter began the quest for the Orb.
     0 | D:1      | Reached XP level 1. HP: 14/14 MP: 1/1
     0 | D:1      | 0 ||| qw: Version: 0.3-a-9-g12657ce
     0 | D:1      | 0 ||| qw: Game counter: 1488
     0 | D:1      | 0 ||| qw: Always use a shield: true
     0 | D:1      | 0 ||| qw: God list: Okawaru
     0 | D:1      | 0 ||| qw: Allow faded altars: false
     0 | D:1      | 0 ||| qw: Do Orc after D:15 true
     0 | D:1      | 0 ||| qw: Do second Lair branch before Depths: true
     0 | D:1      | 0 ||| qw: Lair rune preference: random
     0 | D:1      | 0 ||| qw: Plans: Normal, Zot:1-4, Slime:5, God:TSO, Crypt,
                  | Tomb, Abyss, Pan, Hells, Win
     0 | D:1      | 0 ||| PLANNING D:1-11
   144 | D:1      | Reached skill level 2 in Axes
   230 | D:1      | Reached XP level 2. HP: 19/19 MP: 2/2
   628 | D:1      | 628 ||| UPGRADING to +0 chain mail.
   638 | D:1      | 638 ||| DROPPING +0 scale mail.
   639 | D:1      | 639 ||| READING scroll labelled GUUSYSHR VIMN.
   640 | D:1      | 640 ||| READING 4 scrolls labelled XUFIUT GILL.
   641 | D:1      | 641 ||| READING scroll labelled NIOPUI KUNIG.
   642 | D:1      | 642 ||| READING scroll labelled QOEMYPOAREVE.
   643 | D:1      | 643 ||| READING 3 scrolls of identify.
   643 | D:1      | 643 ||| IDENTIFYING bubbling clear potion
   644 | D:1      | 644 ||| READING 2 scrolls of identify.
   644 | D:1      | 644 ||| IDENTIFYING yellow potion
   645 | D:1      | 645 ||| DROPPING potion of berserk rage.
   702 | D:2      | 702 ||| Stepping ~*~*~tactically~*~*~ (stealth).
   730 | D:2      | Reached skill level 3 in Axes
   730 | D:2      | Reached XP level 3. HP: 18/23 MP: 3/3
   781 | D:2      | 781 ||| Stepping ~*~*~tactically~*~*~ (stealth).
   842 | D:2      | 842 ||| STAIRDANCE
  1010 | D:2      | 1010 ||| Stepping ~*~*~tactically~*~*~ (stealth).
  1014 | D:2      | 1014 ||| Stepping ~*~*~tactically~*~*~ (stealth).
  1024 | D:2      | 1024 ||| Stepping ~*~*~tactically~*~*~ (stealth).
  1043 | D:2      | Reached XP level 4. HP: 23/28 MP: 4/4
  1127 | D:2      | 1127 ||| Stepping ~*~*~tactically~*~*~ (stealth).
  1129 | D:2      | 1129 ||| Stepping ~*~*~tactically~*~*~ (hiding).
  1131 | D:2      | 1131 ||| Stepping ~*~*~tactically~*~*~ (hiding).
  1322 | D:2      | 1322 ||| Stepping ~*~*~tactically~*~*~ (stealth).
  1520 | D:2      | 1520 ||| READING scroll labelled JUOKIY ECWYQE.
  1525 | D:2      | 1525 ||| READING scroll labelled ASUNKO PIMEO.
  1573 | D:3      | Reached skill level 4 in Axes
  1590 | D:3      | Found a burning altar of Makhleb.
  1625 | D:3      | Found a blossoming altar of Fedhas.
  1787 | D:3      | 1787 ||| Stepping ~*~*~tactically~*~*~ (hiding).
  2057 | D:3      | 2057 ||| UPGRADING to +0 cloak.
  2062 | D:3      | 2062 ||| UPGRADING to +0 helmet.
  2137 | D:3      | 2137 ||| DRINKING 2 viscous black potions.
  2137 | D:3      | Gained mutation: You have large cloven feet. [potion of
                  | mutation]
  2137 | D:3      | Gained mutation: You are frail. (-10% HP) [potion of
                  | mutation]
  2138 | D:3      | 2138 ||| DRINKING potion of mutation.
  2138 | D:3      | Lost mutation: You are frail. (-10% HP) [potion of
                  | mutation]
  2138 | D:3      | Lost mutation: You have large cloven feet. [potion of
                  | mutation]
  2138 | D:3      | Gained mutation: You occasionally shout uncontrollably at
                  | your foes. [potion of mutation]
  2138 | D:3      | Gained mutation: You are frail. (-10% HP) [potion of
                  | mutation]
  2176 | D:4      | Reached XP level 5. HP: 21/28 MP: 5/5
  2272 | D:4      | Noticed a centaur
  2273 | D:4      | 2273 ||| Stepping ~*~*~tactically~*~*~ (hiding).
  2274 | D:4      | 2274 ||| Stepping ~*~*~tactically~*~*~ (hiding).
  2280 | D:4      | HP: 7/28 [centaur (3)]
  2284 | D:4      | Killed a centaur
  2285 | D:4      | Reached skill level 5 in Axes
  2479 | D:4      | 2479 ||| Stepping ~*~*~tactically~*~*~ (stealth).
  2481 | D:4      | 2481 ||| Stepping ~*~*~tactically~*~*~ (stealth).
  2491 | D:4      | Reached XP level 6. HP: 18/34 MP: 6/6
  2636 | D:4      | Noticed a black bear
  2642 | D:4      | Noticed Grinder
  2646 | D:4      | Killed a black bear
  2647 | D:4      | Reached skill level 6 in Axes
  2652 | D:4      | Reached XP level 7. HP: 22/38 MP: 7/7
  2665 | D:4      | Killed Grinder
  2941 | D:5      | Entered Level 5 of the Dungeon
  2999 | D:5      | Found a sparkling altar of Nemelex Xobeh.
  3008 | D:5      | HP: 7/38 [phantom (6)]
  3009 | D:5      | 3009 ||| READING 3 scrolls of teleportation.
  3012 | D:5      | Killed from afar by an orc priest

Levels and vault maps discovered:
D:1:      reono_arrival_forest_river, layout_basic, serial_curves,
          eino_curves_01, eino_curves_04
D:2:      layout_rooms, bh_walls_and_bars
D:3:      layout_basic, mainiacjoe_overflow_catch_the_wave, solitary_fountain,
          minmay_surrounded
D:4:      layout_rooms, uniq_grinder
D:5:      layout_basic, nicolae_overflow_two_pavilions,
          nemelex_xobeh_ov_fountains_minmay, hangedman_decor_growths

Skill      XL: |  1  2  3  4  5  6  7 |
---------------+----------------------+-----
Axes           | 2 3 4 5 6 |  6.7
Fighting       | 4 |  4.1
Dodging        | 2 |  2.7
Armour         | |  3.2
Shields        | |  3.2

Action                     |  1- 3 |  4- 6 |  7- 9 || total
---------------------------+-------+-------+-------++-------
  Melee: War axe           |   107 |   114 |    42 ||   263
    Use: Scroll            |     6 |     2 |     1 ||     9
         Potion            |       |     2 |       ||     2
 Armour: Scale mail        |    21 |       |       ||    21
         Chain mail        |    55 |    81 |    30 ||   166
  Dodge: Dodged            |    29 |    36 |    22 ||    87
  Block: Buckler           |    17 |    17 |     7 ||    41

Table legend:
 A = Non-vault XP
 B = Vault XP
 C = Vault XP percentage of total XP
 D = Non-vault monster count
 E = Vault monster count
 F = Vault count percentage of total count
                 A         B        C        D         E       F
            +---------+---------+-------+---------+---------+-------
      Total |     758 |     286 |  27.4 |      70 |       4 |   5.4
            +---------+---------+-------+---------+---------+-------
        D:1 |      20 |       0 |   0.0 |      12 |       0 |   0.0
        D:2 |      71 |       0 |   0.0 |      23 |       0 |   0.0
        D:3 |      35 |       5 |  12.5 |      12 |       3 |  20.0
        D:4 |     488 |     281 |  36.5 |      17 |       1 |   5.6
        D:5 |     144 |       0 |   0.0 |       6 |       0 |   0.0
            +---------+---------+-------+---------+---------+-------
